Cogmind - Beta 15 @@@ ROGUE MODE // 2025.08.22 @ 22:21:45 Player: xack Result: Destroyed by G-67 Veteran with Field Laser Performance ------------- Evolutions (5) 2500 Regions Visited (14) 2800 Robots Destroyed (215) 1075 Value Destroyed (9582) 9582 Prototype IDs (18) 360 Alien Tech Used (0) 0 Bonus (7711) 7711 TOTAL SCORE: 24028 Bonus ------- Triggered High Security 500 High Alert Combat Kills 3034 Follower Combat Kills 2347 Entered Garrisons 400 Used RIF Installer 1000 Registered with UFD 300 Met Optimus in HQ 500 Friendly Fire -370 Cogmind --------- Core Integrity 0/1000 Matter 92/300 Energy 98/100 System Corruption 0% Temperature Cool (0) Movement Core (50) Location -5/Extension Parts ------- > --- POWER (3) -------- (None) > --- PROPULSION (5) --- (None) > --- UTILITY (6) ------ Advanced Heat Sink Improved Transmission Jammer > --- WEAPON (3) ------- (None) > --- INVENTORY (5) ---- Compact Matter Pod (0) Targeting Computer Peak State ------------ > --- POWER ------------ Enhanced Fission Core Antimatter Reactor Improved Quantum Reactor > --- PROPULSION ------- Armored Medium Treads Heavy Treads Improved Heavy Treads > --- UTILITY ---------- Improved Cooling System High-capacity Storage Unit Improved Transmission Jammer Layered Medium Armor Plating Light Regenerative Plating Improved Force Field > --- WEAPON ----------- KE Penetrator Hypervelocity Coil Gun Heavy Gauss Cannon > --- INVENTORY -------- Antimatter Reactor Heavy Treads Improved Heavy Treads Improved Cooling System Matter Compressor Advanced Sensor Array Layered Medium Armor Plating Layered Medium Armor Plating Damper Plating Relay Coupler [Grunt] High-powered Tractor Beam Improved Lightning Gun Wave Gun Improved Remote Datajack Plasma Cutter [Rating: 114] Favorites ----------- Power Heavy Ion Engine Engine Heavy Ion Engine Power Core Enhanced Fission Core Reactor Improved Quantum Reactor Propulsion Light Treads Treads Light Treads Leg Improved Carbon-fiber Leg Wheel Armored Wheel Hover Unit Antigrav System Utility Light Regenerative Plating Device Improved Cooling System Storage High-capacity Storage Unit Processor Improved Targeting Computer Hackware Hacking Suite Protection Light Regenerative Plating Weapon Mini Assault Cannon Energy Gun Improved Lightning Gun Energy Cannon Advanced Beam Cannon Ballistic Gun Coil Gun Ballistic Cannon Mini Assault Cannon Launcher Smartbomb Launcher Special Weapon Remote Datajack Impact Weapon Hammer Build | -11 -10 -10 -9 -9 -9 -9 -6 -6 -6 -6 -5 -5 -5 -5 ------- Run | Yrd Mat Min Mat Sto Rec Scr Fac Gar Fac Gar Fac Was Fac Ext Slots Evolved 10 | . . . 2 . . . 6 . . . 2 . . . Power 2 | . . . . . . . 1 . . . 1 . . . Propulsion 3 | . . . 1 . . . 2 . . . . . . . Utility 4 | . . . 1 . . . 2 . . . 1 . . . Weapon 1 | . . . . . . . 1 . . . . . . . Parts Attached 165 | 7 7 2 17 22 1 7 5 21 5 13 1 3 42 12 Power 20 | 1 1 . 1 1 . . 1 4 2 2 1 1 4 1 Engine 13 | 1 1 . 1 1 . . 1 4 2 1 . . . 1 Core 4 | . . . . . . . . . . . 1 . 3 . Reactor 3 | . . . . . . . . . . 1 . 1 1 . Propulsion 54 | 2 2 . 7 11 . 5 1 9 . 5 . 1 6 5 Treads 33 | 2 1 . 2 10 . 5 1 3 . 5 . 1 3 . Leg 15 | . 1 . 3 . . . . 6 . . . . . 5 Wheel 3 | . . . 2 1 . . . . . . . . . . Hover 3 | . . . . . . . . . . . . . 3 . Flight . | . . . . . . . . . . . . . . . Utility 53 | 2 1 . 4 5 1 2 2 4 1 5 . 1 21 4 Device 26 | 1 . . . 2 . . 2 2 1 3 . . 13 2 Storage 8 | 1 1 . . 1 1 2 . . . . . . 1 1 Processor 4 | . . . 3 . . . . . . . . . 1 . Hackware 3 | . . . 1 . . . . . . . . 1 1 . Protection 12 | . . . . 2 . . . 2 . 2 . . 5 1 Artifact . | . . . . . . . . . . . . . . . Weapon 38 | 2 3 2 5 5 . . 1 4 2 1 . . 11 2 Energy Gun 6 | . . . 1 1 . . 1 1 1 . . . 1 . Energy Cannon 6 | . . . 2 3 . . . . . . . . 1 . Ballistic Gun 15 | 2 2 1 1 . . . . 1 1 . . . 7 . Ballistic Cannon 2 | . . . . 1 . . . . . . . . 1 . Launcher 6 | . . 1 1 . . . . 2 . . . . 1 1 Special Weapon 2 | . . . . . . . . . . 1 . . . 1 Impact Weapon 1 | . 1 . . . . . . . . . . . . . Slashing Weapon . | . . . . . . . . . . . . . . . Piercing Weapon . | . . . . . . . . . . . . . . . Special Melee Weapon . | . . . . . . . . . . . . . . . Unidentified Prototypes 14 | . . . 3 3 . . . . 2 3 . . 3 . Corrupted Parts 6 | . . . . . . . . . . 5 . . . 1 System Corruption 33 | . . . . . . . . . . 30 . . . 3 Parts Lost 49 | . 2 . 2 1 . . . 5 . . . . 24 15 Power 8 | . 1 . . . . . . . . . . . 5 2 Propulsion 16 | . 1 . 1 1 . . . 2 . . . . 6 5 Utility 16 | . . . 1 . . . . 3 . . . . 7 5 Weapon 9 | . . . . . . . . . . . . . 6 3 Highest Loss Streak 13 | . 2 . 1 1 . . . 2 . . . . 13 13 To Critical Strikes 2 | . . . . . . . . . . . . . 2 . Average Backups 15 | 2 10 14 14 14 15 19 18 19 20 19 16 16 14 4 Power . | . . 1 1 1 1 1 . 1 1 1 . 1 . . Propulsion 2 | 1 3 4 3 4 4 4 4 3 2 1 2 2 1 . Utility 6 | . 2 4 4 4 5 8 7 10 12 11 9 8 7 2 Weapon 3 | . 2 4 4 4 4 5 5 3 3 3 3 3 2 . Tool/Special . | . . . . . . . . . . . . . . . Unused Backups 54 | . 1 5 5 3 . 3 . 18 2 8 . 3 5 1 Power 6 | . . 1 1 . . . . 3 . . . 1 . . Propulsion 10 | . . 2 1 . . 1 . 3 1 2 . . . . Utility 25 | . 1 1 . 1 . 1 . 10 1 3 . 2 4 1 Weapon 11 | . . . 3 2 . 1 . 2 . 3 . . . . Tool/Special 2 | . . 1 . . . . . . . . . . 1 . Average Slot Usage (%) 93 | . 99 100 97 99 100 100 94 97 100 97 86 88 84 48 Engine 9 | . 13 14 11 11 11 11 13 13 13 12 5 5 . . Core 1 | . . . . . . . . . . . 5 1 4 4 Reactor 2 | . . . . . . . . . . . 5 8 10 . Treads 18 | . 25 28 18 21 22 26 31 24 . 3 17 17 16 . Leg 5 | . 2 . 6 . . . . 7 33 26 . . . 7 Wheel 3 | . . . 6 10 11 6 . . . . . . . . Device 10 | . 14 14 5 3 4 . 10 14 19 14 17 17 16 16 Storage 8 | . 14 14 11 11 11 11 6 6 6 6 5 5 4 . Processor 4 | . . . 11 11 11 11 6 1 . . . . . . Protection 7 | . . . . 6 6 11 6 9 6 11 9 6 9 5 Energy Gun 2 | . . . 8 . . . 5 5 . 5 5 . 2 . Energy Cannon 4 | . . . . 10 11 11 6 6 . . . . . . Ballistic Gun 8 | . 27 27 13 . . . . . 12 12 11 11 10 . Ballistic Cannon 4 | . . . . 10 11 11 6 6 5 . . . 1 1 Peak Build Rating 114 | 7 8 10 23 27 27 37 58 66 72 94 104 103 114 77 Average Rating 50 | 5 7 8 18 23 24 31 56 55 66 76 103 99 105 50 On Entrance 45 | . 7 8 9 22 22 27 36 58 66 72 94 104 103 49 Naked Turns 16 | . . . . . . . . . . . . . 16 . Heaviest Build 136 | 12 30 30 35 40 60 60 73 85 85 106 124 124 136 42 Greatest Support 178 | 40 40 40 45 40 12 75 135 135 90 178 178 178 173 95 Greatest Overweight (x) 4 | . 1 . 2 3 4 4 . 4 . 1 . . 3 1 Average Overweight (x) 1 | . . . 1 2 3 2 . . . . . . . . Largest Inventory Capacity 20 | 8 15 15 15 15 20 20 20 20 20 20 20 20 20 5 Average Capacity 17 | 7 14 15 15 15 16 20 20 20 20 20 20 20 19 5 Most Carried 20 | 4 13 15 15 15 16 20 20 20 20 20 19 20 20 5 Average Carried 16 | 2 10 14 14 14 15 19 18 19 19 19 18 19 18 4 Final Capacity 20 | 8 15 15 15 15 20 20 20 20 20 20 20 20 5 5 Final Carried 20 | 4 12 15 15 15 16 20 20 20 20 20 18 20 5 2 Class Distribution -------------------- 30% | Scavenger-Tank 28% | Mutant 24% | Commander-Mutant 3% | Commander-Tank 3% | Scavenger-Gunner 3% | Commander-Gunner Dominant Class ---------------- Mutant | -10/Materials Mutant | -10/Mines Mutant | -9/Materials Mutant | -9/Storage Commander-Mutant | -9/Recycling Commander-Mutant | -9/Scraptown Commander-Gunner | -6/Factory Commander-Tank | -6/Garrison Scavenger-Gunner | -6/Factory Scavenger-Tank | -6/Garrison Bothacker-Tank | -5/Factory Scavenger-Tank | -5/Waste Scavenger-Tank | -5/Factory Mutant | -5/Extension Resources | -11 -10 -10 -9 -9 -9 -9 -6 -6 -6 -6 -5 -5 -5 -5 ----------- Run | Yrd Mat Min Mat Sto Rec Scr Fac Gar Fac Gar Fac Was Fac Ext Matter Collected 7305 | 261 313 268 445 706 74 230 . 867 279 1003 . 249 2174 436 Remotely 900 | . . . . . . . . . . . . . 900 . Salvage Created 9155 | 37 478 11 735 1331 182 . . 1275 628 1264 . 213 2847 154 Parts 459 | 5 38 1 54 80 7 . . 63 18 51 . 4 126 12 Haulers Intercepted 14 | . 1 . 4 6 . . . . 1 . . . 2 . Recyclers Shooed 6 | . . . . . . . . . 2 . . . 4 . Parts Field Recycled . | . . . . . . . . . . . . . . . Retrieved Matter . | . . . . . . . . . . . . . . . Parts Self-Destructed . | . . . . . . . . . . . . . . . Prevented . | . . . . . . . . . . . . . . . Kills | -11 -10 -10 -9 -9 -9 -9 -6 -6 -6 -6 -5 -5 -5 -5 ------- Run | Yrd Mat Min Mat Sto Rec Scr Fac Gar Fac Gar Fac Was Fac Ext Combat Hostiles Destroyed 168 | . 15 2 17 25 4 . . 28 2 15 . 1 51 8 Guns 65 | . 15 1 7 1 . . . 2 1 12 . 1 25 . Cannons 52 | . . . . 24 4 . . 17 1 . . . 6 . AOE 50 | . . 1 10 . . . . 8 . 3 . . 20 8 Classes Destroyed 22 | 1 3 1 3 2 2 . . 1 1 . . 1 7 . Worker 3 | . . . . . . . . . . . . . 3 . Builder 7 | . . . 1 2 . . . . . . . . 3 1 Tunneler 2 | 2 . . . . . . . . . . . . . . Hauler 14 | . 1 . 4 6 . . . . 1 . . . 2 . Recycler 6 | . . . . . . . . . 3 . . . 3 . Mechanic 2 | . . . . . . . . . . . . . 2 . Operator 1 | . . . . 1 . . . . . . . . . . Watcher 7 | . . . 4 . . . . . . . . . 3 . Swarmer 41 | . 6 1 9 . . . . 8 . 8 . . 6 3 Saboteur 3 | . . . . . . . . . . . . . 2 1 Grunt 72 | . 9 . 7 15 . . . 9 1 7 . . 20 4 Brawler 3 | . . . . . 2 . . . . . . . 1 . Duelist 5 | . . . . 1 . . . . 1 . . . 3 . Protector 2 | . . . . . . . . . . . . . 2 . Sentry 20 | . . . 2 10 1 . . 6 . . . . 1 . Specialist 4 | . . . . . . . . 4 . . . . . . Hunter 2 | . . . . . . . . . . . . . 2 . Programmer 15 | . . . . . 1 . . 1 . . . . 13 . Behemoth 1 | . . . . . . . . . . . . . 1 . Compactor 1 | . . . . . . . . . . . . 1 . . Executioner 1 | . . . . . . . . . . . . . 1 . Assembled 1 | . . 1 . . . . . . . . . . . . Surgeon 1 | . . . . . . . . . . . . . 1 . Wasp 1 | . . . . . . . . . . . . . 1 . Butcher 1 | . . . . . . . . . . . . . 1 . Best Kill Streak 18 | 1 5 1 5 11 3 . . 9 3 5 . 1 18 9 Combat Bots Only 9 | . 5 1 5 6 3 . . 9 2 5 . 1 8 8 Max Kills in Single Turn 4 | 1 1 1 3 2 1 . . 3 1 3 . 1 3 4 Gunslinging 1 | . . . 1 . . . . . . . . . . . Exploded 3 | . . 1 3 . . . . 3 . 2 . . 3 3 Melee . | . . . . . . . . . . . . . . . Uniques/NPCs Destroyed . | . . . . . . . . . . . . . . . Combat | -11 -10 -10 -9 -9 -9 -9 -6 -6 -6 -6 -5 -5 -5 -5 -------- Run | Yrd Mat Min Mat Sto Rec Scr Fac Gar Fac Gar Fac Was Fac Ext Hostile Shots Fired 1357 | . 84 18 61 77 5 . . 253 9 45 . . 643 162 Missed 418 | . 29 8 19 22 2 . . 83 6 15 . . 188 46 Hits 939 | . 55 10 42 55 3 . . 170 3 30 . . 455 116 Melee 23 | . . . . 1 . . . . . . . . 22 . Projectile 916 | . 55 10 42 54 3 . . 170 3 30 . . 433 116 AOE 1 | . . . . . . . . . . . . . 1 . Critical Strikes 49 | . 1 . 1 2 . . . 3 . 2 . . 36 4 Part Disruptions 1 | . . . . . . . . . . . . . 1 . Damage Taken 13683 | . 573 116 519 837 36 . . 1959 22 573 . . 6964 2084 Core 1585 | . 85 9 46 116 10 . . 269 16 33 . . 478 523 Absorbed by Shields 3250 | . . . . 6 6 . . 387 . . . . 2851 . Reduced by Siege Mode 17 | . . . . . . . . . . . . . 17 . Redirected to Shielding 8 | . . . . . . . . . . . . . . 8 Ignored by Resistances 66 | . . . . . . . . . . . . . . 66 Regen/Repaired (Parts) 881 | . . . . 114 21 . . 305 . 32 . 5 302 102 Core Remaining (%) 70 | 100 . 62 . . . 57 . . . 62 . . . . Volleys Fired 567 | 3 56 10 45 76 7 . . 77 13 88 . 12 149 31 Largest 3 | 2 2 2 2 2 2 . . 3 3 3 . 2 3 1 Hottest 153 | 40 40 40 68 108 108 . . 153 98 118 . 58 147 51 Shots Fired 1165 | 6 112 17 78 133 14 . . 161 39 185 . 15 374 31 Gun 765 | 6 112 14 72 4 . . . 40 26 173 . 6 312 . Cannon 329 | . . . . 129 14 . . 111 13 . . . 35 27 Launcher 52 | . . 3 6 . . . . 10 . 4 . . 25 4 Special 19 | . . . . . . . . . . 8 . 9 2 . Kinetic 789 | 6 112 14 45 60 7 . . 50 39 129 . 6 294 27 Thermal 168 | . . . . 72 7 . . 61 . . . . 28 . Explosive 47 | . . 3 6 . . . . 5 . 4 . . 25 4 Electromagnetic 142 | . . . 27 1 . . . 45 . 44 . . 25 . Robot Hit Streak 16 | 3 13 3 11 11 5 . . 12 4 14 . 6 16 9 Robot Miss Streak 6 | 1 3 3 5 2 2 . . 4 4 5 . 2 6 3 Penetration Max 2 | . . . . . . . . . 1 1 . . 2 . Secondary Targets 8 | . 2 . 1 . . . . . . 2 . . 3 . Max Gunslinging Chain 1 | . 1 . 1 . . . . . . 1 . . 1 . Shots Hit Robots 709 | 4 67 7 52 86 8 . . 101 23 114 . 9 220 18 Core Hits 425 | 2 27 5 42 38 4 . . 63 15 52 . 2 160 15 Critical Kills 10 | . 1 . . . . . . . . . . . 9 . Critical Parts Destroyed 21 | . . . . . . . . . 1 4 . . 16 . Critical Strikes 49 | . 1 . . 2 . . . 3 1 6 . . 33 3 Burn 1 | . . . . . . . . . . . . . 1 . Destroy 32 | . 1 . . . . . . . 1 4 . . 26 . Blast 13 | . . . . 2 . . . 3 . . . . 5 3 Corrupt 3 | . . . . . . . . . . 2 . . 1 . Melee Attacks 4 | . 2 . 2 . . . . . . . . . . . Impact 4 | . 2 . 2 . . . . . . . . . . . Slashing . | . . . . . . . . . . . . . . . Piercing . | . . . . . . . . . . . . . . . Sneak Attacks . | . . . . . . . . . . . . . . . Combat Hostiles . | . . . . . . . . . . . . . . . Follow-up Attacks . | . . . . . . . . . . . . . . . Damage Inflicted 26291 | 45 755 204 1696 2137 235 . . 3372 782 3148 . 78 12171 1668 Guns 10848 | 45 755 94 797 61 . . . 505 491 2574 . 78 5448 . Cannons 5420 | . . . . 2070 235 . . 1757 291 . . . 654 413 Explosions 9968 | . . 110 899 . . . . 1110 . 574 . . 6043 1232 Melee . | . . . . . . . . . . . . . . . Ramming 55 | . . . . 6 . . . . . . . . 26 23 Kinetic 11776 | 45 755 94 427 1095 175 . . 851 782 1791 . 78 5270 413 Thermal 2918 | . . . 58 1025 60 . . 1055 . 99 . . 621 . Explosive 9323 | . . 110 841 . . . . 622 . 475 . . 6043 1232 Electromagnetic 2219 | . . . 370 11 . . . 844 . 783 . . 211 . Impact . | . . . . . . . . . . . . . . . Slashing . | . . . . . . . . . . . . . . . Piercing . | . . . . . . . . . . . . . . . Highest Corruption 31 | . . . . 1 1 . . 2 2 31 . . 29 27 Average Corruption 5 | . . . . 1 1 . . 1 1 9 . . 11 12 Corruption Purged 34 | . . . . . . . . . 2 . . . 2 30 Corruption Blocked . | . . . . . . . . . . . . . . . Effects 149 | . . . . 10 7 . . 22 5 25 . . 70 10 Message Errors 33 | . . . . 1 4 . . 6 1 3 . . 18 . Matter Fused 32 | . . . . 3 2 . . 8 1 6 . . 10 2 Heat Flow Errors 17 | . . . . 1 . . . 4 . 3 . . 9 . Energy Discharges 14 | . . . . 1 . . . 1 1 2 . . 8 1 Parts Rejected 2 | . . . . . . . . . . . . . 2 . Parts Fused 2 | . . . . 1 . . . . . 1 . . . . Data Loss (minor) 19 | . . . . 2 1 . . 1 1 6 . . 6 2 Data Loss (major) 11 | . . . . . . . . 1 1 . . . 6 3 Misfires 6 | . . . . 1 . . . 1 . 1 . . 3 . Alerts 5 | . . . . . . . . . . 1 . . 2 2 Weapon Failures 8 | . . . . . . . . . . 2 . . 6 . Overload Shots . | . . . . . . . . . . . . . . . Overflow Damage 464 | . . . 12 4 18 . . 60 . 29 . . 295 46 Projectiles 67 | . . . . 4 18 . . 22 . . . . 23 . Explosions 397 | . . . 12 . . . . 38 . 29 . . 272 46 Melee . | . . . . . . . . . . . . . . . Knockbacks 18 | . . . . 8 . . . 3 3 . . . 1 3 Impact . | . . . . . . . . . . . . . . . Kinetic 18 | . . . . 8 . . . 3 3 . . . 1 3 Secondary . | . . . . . . . . . . . . . . . Self-Inflicted Damage 809 | . . . 89 3 . . . 115 . 53 . . 549 . Shots 18 | . . . 2 . . . . 2 . 1 . . 13 . Rammed 2 | . . . . 1 . . . . . . . . 1 . Targets Rammed 13 | . . . . 1 . . . . . . . . 1 11 Kicked 11 | . . . . . . . . . . . . . . 11 Crushed . | . . . . . . . . . . . . . . . Highest Temperature 520 | . 30 2 33 374 146 . . 520 . 212 . . 373 23 Average Temperature 103 | . 9 2 13 102 54 . . 140 . 38 . . 100 23 Received Heat Transfer 3295 | . 213 36 108 350 . . . 541 6 108 . . 1641 292 Effects 12 | . . . . . . . . 7 . . . . 5 . Shutdowns 4 | . . . . . . . . 3 . . . . 1 . Energy Bleed 5 | . . . . . . . . 3 . . . . 2 . Interference 2 | . . . . . . . . . . . . . 2 . Damage (core) 1 | . . . . . . . . 1 . . . . . . Siege Activations 1 | . . . . . . . . . . . . . 1 . Total Turns 23 | . . . . . . . . . . . . . 23 . Longest Duration 23 | . . . . . . . . . . . . . 23 . Martial Activations . | . . . . . . . . . . . . . . . Shielding Activations . | . . . . . . . . . . . . . . . Robots Disrupted 1 | . . . . . . . . . . . . . 1 . Combat Hostiles 1 | . . . . . . . . . . . . . 1 . Robots Corrupted 5 | . . . . . . . . 1 . 2 . . 2 . Combat Hostiles 1 | . . . . . . . . 1 . . . . . . Parts Fried 8 | . . . . . . . . 1 . 6 . . 1 . Impact Corruptions . | . . . . . . . . . . . . . . . Robots Melted . | . . . . . . . . . . . . . . . Combat Hostiles . | . . . . . . . . . . . . . . . Parts Melted 9 | . . . 1 3 . . . 3 . . . . 2 . Heat Transferred 4669 | . . . 100 1850 111 . . 1676 . 100 . . 832 . Parts Sabotaged 2 | . . . . . . . . . . . . . 2 . Parts Stolen . | . . . . . . . . . . . . . . . Parts Stripped . | . . . . . . . . . . . . . . . Power Chain Reactions 7 | . . . 3 . . . . 3 . 1 . . . . Alert | -11 -10 -10 -9 -9 -9 -9 -6 -6 -6 -6 -5 -5 -5 -5 ------- Run | Yrd Mat Min Mat Sto Rec Scr Fac Gar Fac Gar Fac Was Fac Ext Maximum Alert Level 5 | . . . 1 3 2 . . 3 2 5 3 1 5 4 Low Security (%) 31 | 100 100 100 59 7 47 . 100 13 . . . 33 8 . Level 1 19 | . . . 40 55 50 . . 7 . . . 66 15 . Level 2 12 | . . . . 22 1 . . 28 100 15 . . 5 . Level 3 19 | . . . . 14 . . . 49 . 9 100 . 39 38 Level 4 12 | . . . . . . . . . . 52 . . 13 61 Level 5 2 | . . . . . . . . . . 22 . . . . High Security 3 | . . . . . . . . . . . . . 15 . Max Security . | . . . . . . . . . . . . . . . Peak Influence 2395 | 5 180 107 381 912 402 . . 1079 638 1769 928 321 2395 1322 Initial 1173 | . . . 24 144 346 . . . 564 406 928 321 83 1173 Average 599 | 1 78 22 171 440 170 . . 656 552 1278 924 221 973 1149 Influence Increases 10092 | 10 433 189 700 1377 278 . . 1325 334 1463 . 60 3432 491 Destroy 0b10 Robot/C 4660 | . 300 120 380 680 120 . . 700 160 620 . . 1320 260 Destroy 0b10 Robot/NC 310 | 10 5 . 55 50 . . . 5 20 40 . . 120 5 Destroy Leader 836 | . 62 30 98 214 . . . 30 42 50 . . 270 40 Allied During Kill 1189 | . . 18 35 179 30 . . 139 111 230 . . 409 38 Trap Triggered on 0b10 20 | . . . . 20 . . . . . . . . . . Successful Hack 179 | . 35 . 12 40 8 . . 28 . 14 . . 15 27 Select Force Hacks 240 | . 30 . 30 60 120 . . . . . . . . . Disable Machine 465 | . . . 30 90 . . . . . 15 . . 315 15 Anti-Garrison Action 750 | . . . . . . . . 350 . 400 . . . . Destroy Structure 1143 | . 1 21 60 14 . . . 58 1 94 . 60 728 106 Lose Combat Pursuer 300 | . . . . 30 . . . 15 . . . . 255 . Influence Decreases 8996 | 10 433 126 421 830 1167 . . 250 829 274 851 859 1156 1790 Entered New Map 4161 | . . . 39 198 543 . . . 511 174 841 597 36 1222 Time Decay 3135 | 10 413 106 342 502 344 . . . 198 . 10 262 630 318 Lost Part 490 | . 20 . 20 10 . . . 50 . . . . 240 150 Lost Ally 930 | . . 20 20 120 . . . 200 120 100 . . 250 100 Purge Threat 280 | . . . . . 280 . . . . . . . . . Squads Dispatched 48 | . 3 . 2 7 . . . . 1 . . . 29 6 Investigation 9 | . 1 . 1 4 . . . . . . . . . 3 Extermination 4 | . . . . . . . . . . . . . 4 . Reinforcement 13 | . 2 . 1 1 . . . . 1 . . . 8 . Assault 21 | . . . . 1 . . . . . . . . 17 3 Garrison 1 | . . . . 1 . . . . . . . . . . Intercept . | . . . . . . . . . . . . . . . Searches Triggered . | . . . . . . . . . . . . . . . Construction Impeded 3 | . . . . . . . . . . . . . 3 . Haulers Reinforced 4 | . . . . . . . . . 1 . . . 3 . Active Scanning Responses . | . . . . . . . . . . . . . . . Cargo Convoy Interrupts . | . . . . . . . . . . . . . . . Stealth | -11 -10 -10 -9 -9 -9 -9 -6 -6 -6 -6 -5 -5 -5 -5 --------- Run | Yrd Mat Min Mat Sto Rec Scr Fac Gar Fac Gar Fac Was Fac Ext Distress Signals 11 | . . 1 1 3 . . . . . 2 . . 2 2 Communications Jammed 29 | . . . . . . . . 8 5 5 . . 11 . Distress Signals 27 | . . . . . . . . 8 3 5 . . 11 . Times Spotted 305 | . 31 11 26 36 4 . . 35 6 28 . 5 88 35 Peak Tracking Total 19 | . 6 3 5 3 1 . . 7 3 8 . 1 14 19 Tactical Retreats 11 | . . . . 2 . . . 1 . . . . 8 . Traps | -11 -10 -10 -9 -9 -9 -9 -6 -6 -6 -6 -5 -5 -5 -5 ------- Run | Yrd Mat Min Mat Sto Rec Scr Fac Gar Fac Gar Fac Was Fac Ext Traps Triggered 19 | . 1 . . 5 . . . . . 9 1 . 3 . Indirectly . | . . . . . . . . . . . . . . . Trap Hack Attempts . | . . . . . . . . . . . . . . . Triggered . | . . . . . . . . . . . . . . . Disarmed . | . . . . . . . . . . . . . . . Reprogrammed 6 | . . . . 6 . . . . . . . . . . Reused 2 | . . . . 2 . . . . . . . . . . Traps Extracted . | . . . . . . . . . . . . . . . Installed . | . . . . . . . . . . . . . . . Triggered 2 | . . . . 2 . . . . . . . . . . Machines | -11 -10 -10 -9 -9 -9 -9 -6 -6 -6 -6 -5 -5 -5 -5 ---------- Run | Yrd Mat Min Mat Sto Rec Scr Fac Gar Fac Gar Fac Was Fac Ext Machines Disabled 41 | . . . 2 6 . . . 5 . 6 . . 21 1 Max in Single Turn 4 | . . . 1 1 . . . 1 . 1 . . 4 1 Garrison Access 3 | . . . . 1 . . . . . . . . 2 . Garrison Relay 9 | . . . . . . . . 5 . 4 . . . . Machines Repaired . | . . . . . . . . . . . . . . . Machines Dismantled 1 | . . . . . . . . . . . . . . 1 Machines Sabotaged . | . . . . . . . . . . . . . . . Overloaded Fab Kills . | . . . . . . . . . . . . . . . Hacking | -11 -10 -10 -9 -9 -9 -9 -6 -6 -6 -6 -5 -5 -5 -5 --------- Run | Yrd Mat Min Mat Sto Rec Scr Fac Gar Fac Gar Fac Was Fac Ext Machines Accessed 58 | . 5 . 4 16 10 5 1 2 2 2 . . 5 6 Terminals 38 | . 4 . 3 12 6 . . 2 1 2 . . 2 6 Fabricators . | . . . . . . . . . . . . . . . Repair Stations 2 | . . . . 1 . . . . . . . . 1 . Recycling Units 8 | . 1 . 1 2 4 . . . . . . . . . Scanalyzers . | . . . . . . . . . . . . . . . Garrison Access 5 | . . . . 1 . . 1 . 1 . . . 2 . Total Hacks 158 | . 13 . 11 45 20 24 1 3 3 6 . . 10 22 Successful 86 | . 6 . 7 23 12 24 1 2 1 1 . . 5 4 Failed 72 | . 7 . 4 22 8 . . 1 2 5 . . 5 18 Catastrophic 10 | . 1 . 1 4 . . . . . . . . 2 2 Database Lockouts . | . . . . . . . . . . . . . . . Manual 71 | . 11 . 7 24 12 . . . 2 . . . 4 11 Terminals 115 | . 11 . 10 40 15 . . 3 2 6 . . 6 22 Fabricators . | . . . . . . . . . . . . . . . Repair Stations 4 | . . . . 2 . . . . . . . . 2 . Recycling Units 10 | . 2 . 1 2 5 . . . . . . . . . Scanalyzers . | . . . . . . . . . . . . . . . Garrison Access 5 | . . . . 1 . . 1 . 1 . . . 2 . Terminal Hacks 57 | . 3 . 5 15 5 24 . 2 . 1 . . . 2 Record 24 | . . . . . . 24 . . . . . . . . Part Schematic 6 | . 1 . 1 3 1 . . . . . . . . . Robot Analysis 2 | . . . . 1 1 . . . . . . . . . Prototype ID Bank 5 | . 1 . . 3 1 . . . . . . . . . Open Door 6 | . . . . 4 . . . . . . . . . 2 Branch Access Points 2 | . . . 1 1 . . . . . . . . . . Emergency Access Points 3 | . . . 1 . . . . 1 . 1 . . . . Alert Level 1 | . . . . 1 . . . . . . . . . . Unreport Threat 2 | . . . . . 2 . . . . . . . . . Locate Traps 2 | . . . 1 1 . . . . . . . . . . Reprogram Traps 1 | . . . . 1 . . . . . . . . . . Hauler Manifests 1 | . . . 1 . . . . . . . . . . . Registered Components 1 | . 1 . . . . . . . . . . . . . Garrison Registry 1 | . . . . . . . . 1 . . . . . . Fabricator Hacks . | . . . . . . . . . . . . . . . Repair Station Hacks 4 | . . . . 2 . . . . . . . . 2 . Scan Component 2 | . . . . 1 . . . . . . . . 1 . Repair 2 | . . . . 1 . . . . . . . . 1 . Recycling Unit Hacks . | . . . . . . . . . . . . . . . Scanalyzer . | . . . . . . . . . . . . . . . Garrison Access Hacks 5 | . . . . 1 . . 1 . 1 . . . 2 . Unlock Access 2 | . . . . . . . 1 . 1 . . . . . Seal Access 3 | . . . . 1 . . . . . . . . 2 . Unauthorized Hacks 20 | . 3 . 2 5 7 . . . . . . . 1 2 Terminals 12 | . 2 . 1 3 3 . . . . . . . 1 2 Botnet 12 | . 2 . 1 3 3 . . . . . . . 1 2 Fabricators . | . . . . . . . . . . . . . . . Repair Stations . | . . . . . . . . . . . . . . . Recycling Units 8 | . 1 . 1 2 4 . . . . . . . . . Tunnel 8 | . 1 . 1 2 4 . . . . . . . . . Scanalyzers . | . . . . . . . . . . . . . . . Garrison Access . | . . . . . . . . . . . . . . . Data Cores Recovered 1 | . . . 1 . . . . . . . . . . . Used . | . . . . . . . . . . . . . . . Hacking Detections 40 | . 4 . 3 11 7 . 1 2 1 2 . . 3 6 Full Trace Events 7 | . . . . 2 . . . . . 2 . . . 3 Feedback Events . | . . . . . . . . . . . . . . . Feedback Blocked . | . . . . . . . . . . . . . . . Robot Schematics Acquired . | . . . . . . . . . . . . . . . Robots Built . | . . . . . . . . . . . . . . . Authchips . | . . . . . . . . . . . . . . . Time . | . . . . . . . . . . . . . . . Total Robot Build Rating . | . . . . . . . . . . . . . . . Part Schematics Acquired 6 | . 1 . 1 3 1 . . . . . . . . . Parts Built . | . . . . . . . . . . . . . . . Authchips . | . . . . . . . . . . . . . . . Time . | . . . . . . . . . . . . . . . Total Part Build Rating . | . . . . . . . . . . . . . . . Parts Repaired 2 | . . . . 1 . . . . . . . . 1 . Time 88 | . . . . 32 . . . . . . . . 56 . Parts Recycled . | . . . . . . . . . . . . . . . Recycled Matter . | . . . . . . . . . . . . . . . Retrieved Matter . | . . . . . . . . . . . . . . . Retrieved Components . | . . . . . . . . . . . . . . . Parts Scanalyzed . | . . . . . . . . . . . . . . . Part Schematics Acquired . | . . . . . . . . . . . . . . . Parts Damaged . | . . . . . . . . . . . . . . . Bothacking | -11 -10 -10 -9 -9 -9 -9 -6 -6 -6 -6 -5 -5 -5 -5 ------------ Run | Yrd Mat Min Mat Sto Rec Scr Fac Gar Fac Gar Fac Was Fac Ext Used RIF Installer 2 | . . . . . . . . 1 . 1 . . . . Signal Jammer 1 | . . . . . . . . . . 1 . . . . Robots Hacked 8 | . . . . . . . . . . 1 . 6 1 . Non-combat 1 | . . . . . . . . . . . . . 1 . Combat 7 | . . . . . . . . . . 1 . 6 . . Robot Hacks Applied 10 | . . . . . . . . . . 1 . 7 2 . parse_system 2 | . . . . . . . . . . 1 . 1 . . no_distress 1 | . . . . . . . . . . . . . 1 . find_fabricator 1 | . . . . . . . . . . . . . 1 . ignore_targets 6 | . . . . . . . . . . . . 6 . . Relay Couplers Released 43 | . . . . . . . . 21 . 18 . . 4 . Machine Destruction 36 | . . . . . . . . 18 . 18 . . . . Programmers 7 | . . . . . . . . 3 . . . . 4 . Attached 1 | . . . . . . . . . . . . 1 . . Fabnet Peak Effective % . | . . . . . . . . . . . . . . . Robots Rewired 21 | . . . . . 7 . . 12 . 2 . . . . Allies Hacked 2 | . . . . . . . . . . . . . 2 . Hacks Repelled . | . . . . . . . . . . . . . . . Allies | -11 -10 -10 -9 -9 -9 -9 -6 -6 -6 -6 -5 -5 -5 -5 -------- Run | Yrd Mat Min Mat Sto Rec Scr Fac Gar Fac Gar Fac Was Fac Ext Total Allies 61 | . . 4 . 10 7 . . 12 . 4 . 19 . 5 Largest Group 20 | . . 3 2 10 9 9 9 12 9 3 1 20 20 2 Highest-Rated Group 821 | . . 58 32 88 145 145 145 360 250 248 119 821 821 70 Highest-Rated Ally 119 | . . 26 16 16 27 27 27 40 40 119 119 119 119 39 Total Orders 2 | . . . . . . . . . . 2 . . . . STAY 1 | . . . . . . . . . . 1 . . . . FOLLOW 1 | . . . . . . . . . . 1 . . . . Ally Attacks 443 | . . 27 19 81 9 . . 44 27 53 . 27 108 48 Total Damage 9959 | . . 225 119 656 121 . . 799 682 2118 . 1326 3303 610 Kills 90 | . . 6 4 10 2 . . 9 6 18 . 5 25 5 Allies Corrupted 5 | . . . . . . . . . . . . . 5 . Allies Melted . | . . . . . . . . . . . . . . . Intel | -11 -10 -10 -9 -9 -9 -9 -6 -6 -6 -6 -5 -5 -5 -5 ------- Run | Yrd Mat Min Mat Sto Rec Scr Fac Gar Fac Gar Fac Was Fac Ext Active Infowar (turns) 9948 | 24 1281 828 377 389 436 . 97 1686 412 1464 28 573 2310 43 Sensors 378 | . . . . . . . . . . . . . 338 40 Seismic 4078 | 24 1281 828 368 389 436 . 97 462 193 . . . . . T.N.C. 9 | . . . 9 . . . . . . . . . . . Spoofing 2 | . . . . . . . . . . 2 . . . . Jamming 6272 | . . . . . . . 96 1460 412 1462 28 573 2203 38 Robot Analysis Total 2 | . . . . 1 1 . . . . . . . . . Derelict Logs Recovered 1 | . . 1 . . . . . . . . . . . . Drone Launches . | . . . . . . . . . . . . . . . Drone Recoveries . | . . . . . . . . . . . . . . . Exploration | -11 -10 -10 -9 -9 -9 -9 -6 -6 -6 -6 -5 -5 -5 -5 ------------- Run | Yrd Mat Min Mat Sto Rec Scr Fac Gar Fac Gar Fac Was Fac Ext Turns Passed 15319 | 113 1281 828 773 1342 1066 2274 102 1686 412 1541 28 573 2594 706 Spaces Moved 8172 | 59 633 460 447 711 655 1461 48 796 248 719 17 312 1239 367 Core 99 | 3 . . . . . . . . . . . . 80 16 Treads 4112 | 56 633 460 84 74 . 620 48 559 . 127 17 312 1122 . Legs 1228 | . . . 48 . . . . 237 248 592 . . . 103 Wheels 2448 | . . . 315 637 655 841 . . . . . . . . Hover 285 | . . . . . . . . . . . . . 37 248 Flight . | . . . . . . . . . . . . . . . Fastest Speed 50 | 50 160 160 120 100 135 150 157 120 120 120 160 160 50 50 Average Speed 149 | 154 168 160 131 135 138 152 157 147 120 167 160 160 153 115 Slowest Speed 410 | 160 240 160 160 240 150 240 157 400 120 190 160 160 410 190 Overloaded Moves . | . . . . . . . . . . . . . . . Propulsion Burnouts . | . . . . . . . . . . . . . . . Robots Hopped . | . . . . . . . . . . . . . . . Potential Cave-ins . | . . . . . . . . . . . . . . . Cave-ins Triggered . | . . . . . . . . . . . . . . . Exploration Rate (%) 56 | 3 88 80 53 94 99 88 3 82 8 90 2 87 34 33 Regions Visited 14 Branch Regions 5 Pre-discovered Areas 9 | . 1 1 1 2 4 . . . . . . . . . Known Exits Taken 4 | . . . 1 1 . . 1 . 1 . . . . . Unknown Exits Taken 6 | 1 1 1 . . 1 1 . . . . . . 1 . Scrap Searched 10 | . . 1 . . . 9 . . . . . . . . Spaces Dug 25 | . 1 . 1 1 . . . . . 3 . . 19 . Terrain Destroyed 547 | . 1 35 58 12 . . . 28 . 35 . 3 287 88 Melee 2 | . 1 . 1 . . . . . . . . . . . Projectile 69 | . . . . 12 . . . 2 . 8 . 3 26 18 AOE 474 | . . 35 57 . . . . 26 . 27 . . 259 70 Terrain Rammed . | . . . . . . . . . . . . . . . Walls Destroyed . | . . . . . . . . . . . . . . . Machines Disabled . | . . . . . . . . . . . . . . . Actions | -11 -10 -10 -9 -9 -9 -9 -6 -6 -6 -6 -5 -5 -5 -5 --------- Run | Yrd Mat Min Mat Sto Rec Scr Fac Gar Fac Gar Fac Was Fac Ext Total 10306 | 72 738 545 548 958 801 1523 74 1181 333 911 19 377 1628 598 Wait 724 | . 22 51 9 82 50 25 13 71 56 31 . 35 128 151 Move 8159 | 58 632 459 446 710 654 1460 48 794 247 718 17 311 1238 367 Hop . | . . . . . . . . . . . . . . . Pick Up 127 | 4 11 11 12 13 1 12 6 27 3 12 . 6 8 1 Fast Attach 58 | 7 2 . . 5 . 1 . 3 1 6 . 1 22 10 Attach 39 | . 3 . 4 . . . 6 4 . 1 2 1 10 8 Detach 5 | . . . . . . . . . . . . 1 1 3 Swap 172 | . 7 4 22 29 2 8 1 29 7 13 . 3 45 2 Drop 159 | . 3 10 8 26 1 15 . 32 6 22 . 7 26 3 Fire 567 | 3 56 10 45 76 7 . . 77 13 88 . 12 149 31 Melee 4 | . 2 . 2 . . . . . . . . . . . Ram 1 | . . . . 1 . . . . . . . . . . Kick 11 | . . . . . . . . . . . . . . 11 Crush 1 | . . . . . . . . . . . . . 1 . Escape Stasis 36 | . . . . 16 . . . . . 20 . . . . Rewire 235 | . . . . . 86 2 . 144 . . . . . 3 Trap . | . . . . . . . . . . . . . . . Miscellaneous 8 | . . . . . . . . . . . . . . 8 Route ------- -11/Scrapyard -10/Materials (discovered 4 exits: *Mat x2 / *Min x2) -10/Mines -9/Materials (discovered 4 exits: *Mat / Min / *Sto x2) -9/Storage (discovered 2 exits: *Mat / *Rec) -9/Recycling (discovered 2 exits: [*Fac] / *Scr) -9/Scraptown (discovered 2 exits: *Fac x2) -6/Factory -6/Garrison (discovered 3 exits: *Fac x3) -6/Factory (discovered 2 exits: [*Fac] / Gar) -6/Garrison (discovered 3 exits: [*Fac x3]) -5/Factory -5/Waste -5/Factory (discovered 2 exits: [*Upp] / *Ext) -5/Extension History --------- Turn | Location | Event 48 | -11/Scrapyard | Discovered new exit (range 15) 114 | -11/Scrapyard | Entered Materials 308 | -10/Materials | Build established: Mutant 574 | -10/Materials | Discovered new exit (range 5) 810 | -10/Materials | Discovered new exit (range 9) 916 | -10/Materials | Discovered new exit (range 16) 1152 | -10/Materials | Discovered new exit (range 15) 1395 | -10/Materials | Entered Mines 1397 | -10/Mines | Assisted by bots powering up and referring to "LRC-V3" 1467 | -10/Mines | Assembled infested the area 1668 | -10/Mines | Received a Rocket Launcher from a helpful Derelict 1823 | -10/Mines | Joined a pair of Derelicts in attacking an 0b10 outpost 2038 | -10/Mines | Discovered new exit (range 8) 2046 | -10/Mines | Escorted by a lone wolf Derelict 2066 | -10/Mines | Learned location of Storage (-9) 2076 | -10/Mines | Learned location of 1 exit from Materials 2223 | -10/Mines | Entered Materials 2223 | -9/Materials | Accompanied by 2 allies 2223 | -9/Materials | Evolved 2 slots: Propulsion x1, Utility x1 2224 | -9/Materials | Identified exit to Materials 2438 | -9/Materials | Discovered new exit (range 16) 2840 | -9/Materials | Identified exit to Mines 2840 | -9/Materials | Identified exit to Storage 2996 | -9/Materials | Entered Storage 3044 | -9/Storage | Garrison activated, responded to threat 3700 | -9/Storage | Found Prototype Protection 3700 | -9/Storage | Identified Lgt. Regenerative Plating 3729 | -9/Storage | Identified exit to Recycling 3730 | -9/Storage | Assisted by bots powering up and referring to "LRC-V3" 3789 | -9/Storage | Used back door to open Recycling access 4011 | -9/Storage | Repaired Arm. Wheel 4032 | -9/Storage | Build established: Commander-Mutant 4168 | -9/Storage | Discovered exit to Materials (range 9) 4196 | -9/Storage | First assault squad dispatched 4238 | -9/Storage | Lost 4 allies 4338 | -9/Storage | Entered Recycling 4338 | -9/Recycling | Accompanied by 2 allies 4847 | -9/Recycling | Discovered new exit (range 16) 5343 | -9/Recycling | Scanned before Scraplab entrance 5368 | -9/Recycling | Entered Scraplab 5380 | -9/Recycling | Discovered new exit (range 2) 5404 | -9/Recycling | Entered Scraptown 5404 | -9/Scraptown | Accompanied by 9 allies 5404 | -9/Scraptown | System corruption cleaned by C-Scrubber 5674 | -9/Scraptown | Discovered new exit (range 13) 5810 | -9/Scraptown | Visited Cyclists 5849 | -9/Scraptown | Visited Bundlers 5897 | -9/Scraptown | Heard Great Nut preacher, LISTEN AND RECITE! 6253 | -9/Scraptown | Visited Cave Peace 6296 | -9/Scraptown | Visited The Evicted 6350 | -9/Scraptown | Visited Spacefarers 6398 | -9/Scraptown | Visited Awakened 6457 | -9/Scraptown | Visited UFD Registry 6457 | -9/Scraptown | Registered with UFD as "Nukenade" 6497 | -9/Scraptown | Visited Botcube Research 6518 | -9/Scraptown | Visited Abandonware Association 6536 | -9/Scraptown | Learned abandonware demo "HACKBUD.EXE" 6536 | -9/Scraptown | Learned abandonware demo "MELTYB.EXE" 6569 | -9/Scraptown | Visited Derelict Rescue Squad 6610 | -9/Scraptown | Visited Scrap Suit Storage 6664 | -9/Scraptown | Visited Supply Room 6754 | -9/Scraptown | Visited DA-N13 Charitable Foundation 6768 | -9/Scraptown | Found DCF Scrap (29 items) 6801 | -9/Scraptown | Visited Scrapoid Research Area 6863 | -9/Scraptown | Visited Scrapoid Pod Storage 6888 | -9/Scraptown | Visited Curators Association 6976 | -9/Scraptown | Entered Cyclist Reading Room 7541 | -9/Scraptown | Met Optimus 7541 | -9/Scraptown | Accepted into 0bPrime 7642 | -9/Scraptown | Discovered new exit (range 5) 7678 | -9/Scraptown | Entered Factory 7678 | -6/Factory | Accompanied by 9 allies 7678 | -6/Factory | Evolved 6 slots: Power x1, Propulsion x2, Utility x2, Weapon x1 7767 | -6/Factory | Identified exit to Garrison 7780 | -6/Factory | Entered Garrison 7780 | -6/Garrison | Accompanied by 9 allies 7822 | -6/Garrison | Triggered checkpoint 7881 | -6/Garrison | Garrison Relay disabled 7976 | -6/Garrison | Build established: Commander-Gunner 8006 | -6/Garrison | Triggered checkpoint 8022 | -6/Garrison | Triggered checkpoint 8088 | -6/Garrison | Discovered new exit (range 15) 8156 | -6/Garrison | Lost 6 allies 8169 | -6/Garrison | Destroyed 9 combat bots 8254 | -6/Garrison | Triggered checkpoint 8266 | -6/Garrison | Garrison Relay disabled 8378 | -6/Garrison | Build established: Tank 8394 | -6/Garrison | Triggered checkpoint 8447 | -6/Garrison | Garrison Relay disabled 8449 | -6/Garrison | Garrison Relay disabled 8624 | -6/Garrison | Triggered checkpoint 8711 | -6/Garrison | Discovered new exit (range 8) 8756 | -6/Garrison | Triggered checkpoint 8806 | -6/Garrison | Garrison Relay disabled 9191 | -6/Garrison | Installed Relay Interface Framework 9254 | -6/Garrison | Build established: Commander-Tank 9272 | -6/Garrison | Triggered checkpoint 9306 | -6/Garrison | Lost 3 allies 9377 | -6/Garrison | Discovered new exit (range 13) 9377 | -6/Garrison | Discovered new exit (range 64) 9377 | -6/Garrison | Discovered new exit (range 72) 9466 | -6/Garrison | Entered Factory 9466 | -6/Factory | Accompanied by 9 allies 9622 | -6/Factory | Discovered new exit (range 15) 9807 | -6/Factory | Lost 3 allies 9852 | -6/Factory | Identified exit to Garrison 9865 | -6/Factory | Build established: Scavenger-Gunner 9878 | -6/Factory | Entered Garrison 9878 | -6/Garrison | Accompanied by 2 allies 9902 | -6/Garrison | Triggered checkpoint 9944 | -6/Garrison | Expanded RIF knowledge: Signal Jamming 9959 | -6/Garrison | Garrison Relay disabled 10068 | -6/Garrison | Spotted Executioner 10086 | -6/Garrison | Rewired Striker 10092 | -6/Garrison | Rewired Executioner 10119 | -6/Garrison | Allies destroyed Executioner 10216 | -6/Garrison | Triggered checkpoint 10244 | -6/Garrison | Triggered checkpoint 10259 | -6/Garrison | Triggered checkpoint 10307 | -6/Garrison | Build established: Scavenger-Tank 10353 | -6/Garrison | Discovered new exit (range 9) 10382 | -6/Garrison | Triggered checkpoint 10394 | -6/Garrison | Garrison Relay disabled 10416 | -6/Garrison | Found embedded Infiltrators 10613 | -6/Garrison | Garrison Relay disabled 10653 | -6/Garrison | Discovered new exit (range 14) 10924 | -6/Garrison | Discovered new exit (range 10) 11043 | -6/Garrison | System corruption reached 10% 11190 | -6/Garrison | System corruption reached 30% 11272 | -6/Garrison | Garrison Relay disabled 11419 | -6/Garrison | Entered Factory 11419 | -5/Factory | Accompanied by 1 ally 11419 | -5/Factory | Evolved 2 slots: Power x1, Utility x1 11447 | -5/Factory | Sucked down chute 11447 | -5/Factory | Entered Waste 11452 | -5/Waste | 1 allies followed down the chute 11506 | -5/Waste | Spotted C-40 Crusher 11518 | -5/Waste | Spotted C-40 Crusher 11547 | -5/Waste | Spotted C-40 Crusher 11601 | -5/Waste | Allies destroyed C-40 Crusher 11662 | -5/Waste | Spotted C-40 Crusher 11671 | -5/Waste | Spotted C-40 Crusher 11690 | -5/Waste | Destroyed C-40 Crusher 11716 | -5/Waste | Spotted C-40 Crusher 11784 | -5/Waste | Warlord forces began an assault 11816 | -5/Waste | Discovered new exit (range 13) 11896 | -5/Waste | Found Damper Plating 12020 | -5/Waste | Entered Factory 12020 | -5/Factory | Accompanied by 20 allies 12228 | -5/Factory | Lost 6 allies 12308 | -5/Factory | Discovered new exit (range 15) 12664 | -5/Factory | Destroyed Executioner 12699 | -5/Factory | Lost 4 allies 12920 | -5/Factory | Lost 3 allies 12963 | -5/Factory | Lost 3 allies 13220 | -5/Factory | First assault squad dispatched 13470 | -5/Factory | System corruption reached 10% 13698 | -5/Factory | Repaired KE Penetrator 13751 | -5/Factory | Spotted B-75 Beast 13826 | -5/Factory | Destroyed B-75 Beast 14203 | -5/Factory | High security lockdown imminent 14239 | -5/Factory | Destroyed 8 combat bots 14283 | -5/Factory | High security lockdown engaged 14329 | -5/Factory | Destroyed 8 combat bots 14410 | -5/Factory | Lost 11 parts (3p2n3u3w) 14555 | -5/Factory | Discovered new exit (range 15) 14572 | -5/Factory | Lost 13 parts (2p4n4u3w) 14614 | -5/Factory | Entered Extension 14747 | -5/Extension | Build established: Mutant 14807 | -5/Extension | Rescued a captive Derelict 14809 | -5/Extension | Rescued a captive Derelict 14914 | -5/Extension | First assault squad dispatched 14975 | -5/Extension | Rescued a captive Derelict 14975 | -5/Extension | Rescued a captive Derelict 15076 | -5/Extension | Destroyed 8 combat bots 15099 | -5/Extension | Core integrity fell below 50% 15161 | -5/Extension | Rescued a captive Derelict 15314 | -5/Extension | Core integrity fell below 20% 15319 | -5/Extension | Spotted B-75 Beast 15320 | -5/Extension | Destroyed by G-67 Veteran with Field Laser Last Messages --------------- 15312_ Slug penetrates H-66 Slayer. 15312_ Flexi-carbon Leg destroyed. 15312_ Penetrated by Slug. 15312_ Lgt. Angular Momentum Engine destroyed. 15313_ Acquired 7 matter. 15313_ R-10 Processor collects Antigrav System. 15313_ Slug penetrates Y-64 Sentinel. 15313_ Y-64 Sentinel destroyed. 15314_ Slug penetrates Wall. 15316_ C-30 ARC bursts open, deploying its payload. 15316_ G-67 Veteran unfolds itself. 15316_ G-50 Soldier unfolds itself. 15316_ I-47 Archangel unfolds itself. 15317_ R-10 Processor collects Flexi-carbon Leg. 15319_ C-30 ARC bursts open, deploying its payload. 15319_ G-67 Veteran unfolds itself. 15319_ B-60 Warrior unfolds itself. 15319_ M-28 Smith unfolds itself. Map ----- +----------------------------------------------------+ | ###### # # # ###?????????????????????????? | | !!| ####??????????????????????? | | ! = *=%= # #??????????????????????? | | % *= %%% ####??????????????????????? | | / % * % ##????????????????????????? | | ##### # # ### % #?????????????????????????? | | ????# # # # # ####??????????????????????? | | ????# # # # ### #??????????????????????? | | ????######### ## # = #?##???????????????????? | | ??????###???####### ## #???????????????????? | | ??????????###?????# ! # #????????????????????? | | ????????###T#######%%!% " #????????????????????? | | ????????# ##" = ! %%###????????????????????? | | ????????####" [[%= " #????????????????????? | | ???????????## #""### % # #????????????????????? | | ????????????########## mg" ##???????????????????? | | ???????????????????### bb# #???????????????????? | | ???????????????????# "% g ####???????????????????? | | ?????????????????#####/##g###????????????????????? | | ?????????????????# #g# #????????????????????? | | ?????????????????# ]= #g###????????????????????? | | ?????????????????# u ##?????????????????????? | | ?????????????????#/[ # #??????????????????????? | | ?????????????????# #%#??????????????????????? | | ?????????????????# # #??????????????????????? | | ?????????????????########@#??????????????????????? | | ????????????????????????# #??????????????????????? | | ????????????????????????# #??????????????????????? | | ????????????????????????" "??????????????????????? | | ????????????????????????"p"??????????????????????? | | ???????????????????????? ??????????????????????? | | ???????????????????????? ??????????????????????? | | ??????????????????????? ?????????????????????? | | ??????????????????????? ?????????????????????? | | ??????????????????????? ?????????????????????? | | ??????????????????????? ?????????????????????? | | ??????????????????????? ?????????????????????? | | ???????????????????????t t ?????????????????????? | | ??????????????????????? BB?????????????????????? | | ???????????????????????? B??????????????????????? | | ???????????????????????? ??????????????????????? | | ?????????????????????????????????????????????????? | | ?????????????????????????????????????????????????? | | ?????????????????????????????????????????????????? | | ?????????????????????????????????????????????????? | | ?????????????????????????????????????????????????? | | | | | | | | | +----------------------------------------------------+ Best States ------------- Heat Dissipation 67 Energy Generation 61 Energy Capacity 975 Matter Stores 300 Matter Capacity 300 Sight Range 16 Robot Scan Range 16 Terrain Scan Density 10 Jamming Range 14 Armor Coverage 1825 Resistance: KI 20 Resistance: TH 20 Resistance: EM 90 Propulsion Shielding 33 Evasion (%) 55 Targeting Accuracy 6 Recoil Reduction 5 Offensive Hacking 10 Defensive Hacking 14 Relay Coupler Types 1 Relay Coupler Value 33 Item Schematics ----------------- Hcp. Storage Unit | -10/Materials | Hacked Lrg. Storage Unit | -9/Materials | Hacked Huge Storage Unit | -9/Storage | Hacked Power Maul | -9/Storage | Hacked Plasma Cutter | -9/Storage | Hacked Microactuators | -9/Recycling | Hacked Robot Schematics ------------------ None Fabricated ------------ Nothing Repaired ---------- Arm. Wheel | 33% | -9/Storage KE Penetrator | 55% | -5/Factory Alien Tech Used ----------------- None Achievements -------------- None Challenges ------------ None Game ------ Seed WeaponBurstCapacitor Manual? 0 Play Time 02:58:42 Cumulative 204.2 hours Start 2025.08.21 @ 19:39:33 End 2025.08.22 @ 22:21:45 Sessions 2 Manual Loads 0 Difficulty Rogue Special Mode None Game No. 82 Rogue 82 Adventurer 0 Explorer 0 Win Type - Total 3 Types 2/0/1/0/0/0/0/0/0/0 Lore% 74 Gallery% 71 Achievement% 58 Wizard Run 0 Options --------- Layout 1 ASCII 0 Keyboard 0 Movement Mouse Keybinds 0 Fullscreen 1 Font 32/Smallcaps Map View 50x35 Zoom Use 0% Tactical HUD 1 Map Filters NONE Filters NONE Steam 1 RUN: 6e529d2b-e3c3-488f-adfe-70a57aad7763